Map: Last Fantasy LE

Players

Zoun

  • Race: Protoss Protoss
  • League: Master
  • Spawn Location: 3:00

HeroMarine - Winner!

  • Race: Terran Terran
  • Spawn Location: 7:00

Event: HomeStory Cup XXVII

VOD

Have the link to the VOD?

Description

Time

  • Played on: June 29, 2025, 8:14 a.m.
  • Length: 5:24

All games in this series

Show
View Real Time Build Order
Export as new Build Order

Zoun Protoss 

Build Orders: 1 Gate Expand, Phoenix Opening, Blink Stalkers 

Get SALT Encoding   

  12  0:00  Probe  
  13  0:12  Probe  
  14  0:17  Pylon  
  14  0:24  Probe  
  15  0:32  Probe  
  15  0:37  Gateway  
  15  0:40  Probe  
  16  0:47  Assimilator  
  17  0:50  Probe  
  18  1:03  Probe  
  19  1:15  Probe  
  20  1:24  Cybernetics Core  
  20  1:34  Nexus  
  20  1:42  Pylon  
  20  1:44  Probe  
  21  1:49  Stalker  
  21  1:52  Assimilator  
  21  1:56  Probe  
  24  2:04  Warp Gate  
  24  2:08  Probe  
  25  2:20  Phoenix  
  25  2:21  Probe, Sentry  
  28  2:33  Probe  
  29  2:40  Shield Battery  
  29  2:41  Twilight Council  
  29  2:43  Probe  
  29  2:45  Probe  
  29  2:49  Stalker, Blink  
  31  2:51  Probe  
  31  2:57  Probe  
  35  3:01  Probe  
  36  3:09  Gateway, Probe  
  37  3:13  Probe  
  37  3:17  Phoenix  
  38  3:22  Probe  
  38  3:25  Probe  
  40  3:28  Pylon  
  40  3:35  Shield Battery  
  40  3:36  Probe  
  40  3:39  Probe  
  40  3:40  Pylon  
  42  3:48  Robotics Facility  
  42  3:52  Shield Battery  
  42  3:55  Stalker  
  44  3:57  Probe  
  44  3:59  Probe  
  46  4:06  Gateway  
  46  4:09  Probe  
  47  4:10  Stalker  
  47  4:15  Probe  
  50  4:19  Stalker  
  52  4:24  Assimilator  
  52  4:32  Probe  
  52  4:33  Stalker  
  52  4:36  Observer  
  56  4:42  Stalker  
  56  4:44  Pylon  
  58  4:57  Stalker  
  54  5:10  Stalker x2  
  54  5:12  Probe  
  47  5:14  Nexus  
  47  5:15  Pylon  
Show
View Real Time Build Order
Export as new Build Order

HeroMarine Terran - Winner!

Build Orders: Cyclone Opening 

Get SALT Encoding   

  12  0:00  SCV  
  13  0:12  SCV  
  14  0:17  Supply Depot  
  14  0:24  SCV  
  15  0:38  SCV  
  15  0:40  Barracks  
  16  0:42  Refinery  
  16  0:50  SCV  
  16  0:53  Refinery  
  17  1:02  SCV  
  18  1:15  SCV  
  19  1:27  Orbital Command, Reaper  
  20  1:40  Factory  
  20  1:45  Supply Depot  
  20  1:52  SCV  
  21  2:00  Barracks Reactor  
  21  2:05  SCV  
  22  2:17  SCV  
  22  2:22  Command Center  
  23  2:26  Factory Tech Lab  
  23  2:29  SCV  
  24  2:36  Marine x2  
  26  2:41  SCV  
  27  2:44  Cyclone  
  27  2:49  Supply Depot  
  30  2:53  SCV  
  31  3:01  Starport  
  31  3:10  Marine x2, SCV  
  34  3:18  Siege Tank  
  37  3:22  SCV  
  38  3:28  Marine  
  38  3:33  Marine  
  40  3:36  Orbital Command  
  40  3:38  Medivac  
  42  3:46  Marine, SCV  
  44  3:51  Marine, Siege Tank  
  48  3:58  SCV  
  48  3:59  Supply Depot  
  48  4:02  SCV  
  50  4:06  Marine  
  50  4:09  Marine  
  52  4:10  SCV  
  52  4:12  Starport Tech Lab  
  52  4:14  SCV  
  54  4:22  SCV  
  54  4:24  Marine  
  56  4:26  SCV  
  56  4:27  Marine  
  56  4:30  Supply Depot  
  58  4:33  Raven  
  58  4:34  SCV  
  61  4:39  SCV  
  61  4:42  Barracks  
  62  4:51  Barracks  
  62  4:52  Siege Tank, SCV x2  
  67  4:55  Marine x2  
  69  5:03  Supply Depot, Engineering Bay  
  69  5:04  Refinery, SCV  
  69  5:05  SCV  
Tags
 
Add a new tag
Caveats
  • Supply blocks, unpowered buildings, or Contaminate may cause inaccurate times.
  • Supply counts are checked every 10 seconds.